 Dungeon Crawl Stone Soup version 0.28-a0-932-g843f935a50 (webtiles) character file.

Game seed: 1957463610099235810

958 Sobieck the Summoner (level 7, -13/27 HPs)
             Began as a Felid Summoner on Nov 26, 2021.
             Killed from afar by a gargoyle (19 damage)
             ... with a stone arrow
             ... on level 6 of the Dungeon on Nov 27, 2021.
             The game lasted 00:29:09 (8574 turns).

Sobieck the Summoner (Felid Summoner)               Turns: 8574, Time: 00:29:09

Health: -13/27     AC:  2    Str:  4    XL:     7   Next: 91%
Magic:  7/15       EV: 17    Int: 19    God:
Gold:   288        SH:  0    Dex: 16    Spells: 6/15 levels left
                                        Lives:  0   Deaths: 2

rFire   . . .      SeeInvis +   (weapon unavailable)
rCold   . . .      Faith    .   (shield unavailable)
rNeg    . . .      Spirit   .   (armour unavailable)
rPois   .          Reflect  .   (helmet unavailable)
rElec   .          Harm     .   (cloak unavailable)
rCorr   .          Rampage  .   (gloves unavailable)
Will    +....                   (boots unavailable)
Stlth   ++........              (no amulet)
HPRegen 0.09/turn               f - ring of flight
MPRegen 0.14/turn               (no ring)

@: flying, quick
A: very small, claws 1, fangs 3, see invisible, speed 1, shaggy fur 2, stealthy
paws, no weapons or thrown items, no armour, multi-lived
a: no special abilities


You were on level 6 of the Dungeon.
You visited 1 branch of the dungeon, and saw 6 of its levels.

You collected 288 gold pieces.


Innate Abilities, Weirdness & Mutations

You have sharp claws.
You have razor-sharp teeth.
You have supernaturally acute eyesight. (SInv)
You cover ground quickly. (Speed+)
You are covered in thick fur. (AC +2)
Your paws help you pounce on unaware monsters.
You are incapable of wielding weapons or throwing items.
You cannot wear armour.
You gain extra lives every three experience levels.


   Skills:
 - Level 2.6 Dodging
 - Level 2.6 Stealth
 + Level 4.9 Spellcasting
 - Level 4.0 Hexes
 - Level 11.0 Summonings


You had 6 spell levels left.
You knew the following spells:

 Your Spells              Type           Power      Damage    Failure   Level
a - Summon Small Mammal   Summ           100%       N/A       1%          1
b - Call Imp              Summ           46%        N/A       1%          2
c - Call Canine Familiar  Summ           46%        N/A       1%          3
d - Summon Guardian Gole  Hex/Summ       33%        N/A       1%          3

Your spell library contained the following spells:

 Spells                   Type           Power      Damage    Failure   Level
 Animate Skeleton         Necr           8%         N/A       13%         1
 Pain                     Necr           16%        1d4       13%         1
 Shock                    Conj/Air       16%        1d4       13%         1
 Summon Lightning Spire   Summ/Air       25%        N/A       13%         4
 Corpse Rot               Necr/Air       8%         N/A       19%         2
 Poisonous Vapours        Pois/Air       8%         N/A       19%         2
 Stone Arrow              Conj/Erth      8%         3d7       36%         3
 Swiftness                Air            4%         N/A       36%         3
 Vampiric Draining        Necr           4%         2d6       36%         3
 Fulminant Prism          Conj/Hex       6%         3d7       50%         4
 Airstrike                Air            2%         N/A       77%         4
 Iskenderun's Mystic Bla  Conj/Tloc      4%         2d3       77%         4
 Lee's Rapid Deconstruct  Erth           2%         3d5*      98%         5
 Lehudib's Crystal Spear  Conj/Erth      2%         10d2      100%        8
 Animate Armour           Summ/Erth      Unusable   N/A       N/A         4

Inventory:

Jewellery
 f - a ring of flight (left paw)
   (You found it on level 1 of the Dungeon)
Wands
 b - a wand of polymorph (8)
   (You took it off an orc on level 6 of the Dungeon)
 h - a wand of flame (20)
   (You found it on level 6 of the Dungeon)
Scrolls
 a - a scroll of identify {@r1}
 c - 2 scrolls of torment {!r}
 d - a scroll of brand weapon
 e - a scroll of enchant armour
 g - a scroll of vulnerability {!r!r}
Potions
 i - a potion of flight
 j - a potion of might
 l - a potion of heal wounds {@q2}
 m - a potion of magic {unknown}
 o - a potion of brilliance
 p - a potion of curing {unknown}

Dungeon Overview and Level Annotations

Branches:
Dungeon (6/15)
 Temple: D:4-7

Altars:

Shops:
D:3

( ############
#..........#
##########.### ### #....
..# ##... #. #.
(S.###########... #>.
..###.#...#.<........
..###.#.@..[..#.....99..#
......#..9..###.........#
.##...#..#....#....)....#
#.##......#....#..########
#.##..z...# #.....#
#.##.l....#.......#
#.##......#...#)###
###.##......####...
####.............##..


You could see a gargoyle, an iguana, a wight and an adder.


Message History

What are your orders? t - Meow!
Orders for allies: a - Attack new target. r - Retreat! s - Stop attacking. g - Guard the area. f - Follow me.
Anything else - Cancel.
Gang up on whom?
Press: ? - help, Dir - move target, f - howler monkey zombie
Aim: a howler monkey zombie (ally target) Attack!
Your guardian golem disappears in a puff of smoke!
Your crimson imp disappears in a puff of smoke!
Your quokka disappears in a puff of smoke!
Your wolf bites the howler monkey zombie.
Your wolf bites the howler monkey zombie! x2
The howler monkey zombie is destroyed!
Casting: Call Canine Familiar (safe; 1% risk of failure)
Confirm with . or Enter, or press ? or * to list all spells.
Your wolf disappears in a puff of smoke!
Casting: Call Canine Familiar (safe; 1% risk of failure)
Confirm with . or Enter, or press ? or * to list all spells.
A beastly little devil appears in a puff of flame.
You swap places.
An iguana comes into view.
Danger!
What are your orders? t - Meow!
Orders for allies: a - Attack new target. r - Retreat! s - Stop attacking. g - Guard the area. f - Follow me.
Anything else - Cancel.
Gang up on whom?
Press: ? - help, Dir - move target, f - iguana
Aim: an iguana (asleep) Attack!
The iguana hisses angrily.
A wight comes into view. It is wielding a +2 hand axe.
Casting: Call Imp (safe; 1% risk of failure)
Confirm with . or Enter, or press ? or * to list all spells.
Your hound bites the iguana.
Your crimson imp blinks!
The iguana bites your hound!
Unknown command.
Your hound bites the iguana but does no damage.
The wight hits your hound with a +2 hand axe!
Your hound dies!
Your hound's corpse disappears in a puff of smoke!
Your quokka bites the iguana but does no damage.
Your rat bites the iguana but does no damage.
Your crimson imp blinks!
Your quokka bites the iguana but does no damage.
The wight hits your quokka with a +2 hand axe!
Your quokka dies!
Your quokka's corpse disappears in a puff of smoke!
Your rat bites the iguana.
What are your orders? t - Meow!
Orders for allies: a - Attack new target. p - Attack previous target. r - Retreat! s - Stop attacking. g - Guard the area. f - Follow me.
Anything else - Cancel.
Gang up on whom?
Press: ? - help, Dir - move target, f/p - iguana
Aim: an iguana (moderately wounded, ally target) Attack!
Your crimson imp blinks!
Casting: Summon Small Mammal (safe; 1% risk of failure)
Confirm with . or Enter, or press ? or * to list all spells.
The iguana completely misses you.
Your rat closely misses the iguana.
The wight misses your quokka.
Your quokka bites the wight.
Things that are here:
a +0 spear {polearm}; a +0 robe Your rat barely misses the iguana.
The wight hits your quokka with a +2 hand axe.
Unknown command.
Your quokka bites the wight.
Your quokka barely misses the wight.
Your quokka bites the wight.
The iguana completely misses you.
Your rat bites the iguana.
Something hits your rat!
Your rat dies!
Your rat's corpse disappears in a puff of smoke!
The iguana misses your crimson imp.
Your crimson imp hits the iguana but does no damage.
The iguana misses your crimson imp.
Your crimson imp closely misses the iguana.
Your crimson imp hits the iguana.
Your crimson imp blinks!
Found a stone staircase leading down.
You barely miss the gargoyle. Your bite misses the gargoyle.
The gargoyle hits you with a +0 flail!!
Ouch! That really hurt!
* * * LOW HITPOINT WARNING * * *
You hear an angry hiss.
An adder comes into view.
The gargoyle hurls a stone arrow at you.
The stone arrow hits you!!
Ouch! That really hurt!
You die...

Skill      XL: |  1  2  3  4  5  6  7  8 |
---------------+-------------------------+-----
Summonings     | 5 7 8 9 10 11 | 11.0
Hexes          | 2 4 |  4.0
Spellcasting   | 4 |  4.9
Dodging        | |  2.6
Stealth        | |  2.6

Action                   |  1- 3 |  4- 6 |  7- 9 || total
-------------------------+-------+-------+-------++-------
Melee: Unarmed           |    79 |    35 |    43 ||   157
       Bite              |     7 |     2 |     2 ||    11
 Cast: Summon Small Mamm |    45 |    57 |    56 ||   158
       Call Imp          |     7 |    17 |    15 ||    39
       Call Canine Famil |     1 |    17 |    22 ||    40
       Summon Guardian G |       |     1 |     5 ||     6
  Use: Potion            |       |     3 |       ||     3
       Scroll            |       |     2 |    10 ||    12
 Stab: Sleeping          |     3 |     2 |       ||     5
       Distracted        |       |     1 |       ||     1
Armor: Skin              |     6 |     6 |     5 ||    17
Dodge: Dodged            |    72 |    47 |    89 ||   208

Levels and vault maps discovered:
D:1:      lordsloth_arrival_two_stooges, layout_basic
D:2:      layout_loops_ring, minmay_misc_feat_columns
D:3:      layout_basic, serial_shops, nicolae_shop_advertising_works
          [nicolae_subvault_shop_adworks], portal_sewer_entry_b,
          dilly_ecumenical_altar_fadedgnrine
D:4:      minmay_recursive_quarters, layout_layer_cave, due_unseen_surprise
D:5:      layout_cave_pools, uniq_pikel
D:6:      layout_basic, tgw_sif, hangedman_decor_push, uniq_sigmund,
          uniq_duvessa, uniq_prince_ribbit1

Notes
Turn   | Place    | Note
-------+----------+-------------------------------------------
     0 | D:1      | Sobieck the Felid Summoner began the quest for the Orb.
     0 | D:1      | Reached XP level 1. HP: 7/7 MP: 4/4
    97 | D:1      | HP: 1/7 [kobold (6)]
   479 | D:1      | Reached XP level 2. HP: 11/11 MP: 4/6
   496 | D:1      | Learned a level 2 spell: Call Imp
   767 | D:3      | Reached skill level 5 in Summonings
   767 | D:3      | Reached XP level 3. HP: 14/14 MP: 3/7
   771 | D:3      | Learned a level 3 spell: Call Canine Familiar
   889 | D:1      | You pick up a book of Vapours and begin reading...
   889 | D:1      | You add the spells Poisonous Vapours and Corpse Rot to your
                  | library.
   919 | D:1      | You pick up a book of Armaments and begin reading...
   919 | D:1      | You add the spells Stone Arrow and Lehudib's Crystal Spear
                  | to your library.
  2228 | D:2      | Reached XP level 4. HP: 18/18 MP: 1/8
  2815 | D:3      | HP: 4/18 [bat (1)]
  3193 | D:3      | Noticed a black bear
  3252 | D:3      | Reached skill level 6 in Summonings
  3577 | D:3      | Found Gatuko Jiove's Antique Weapon Shop.
  3680 | D:3      | Killed a black bear
  3681 | D:3      | Reached skill level 7 in Summonings
  3681 | D:3      | Reached XP level 5. HP: 21/21 MP: 2/9
  3756 | D:3      | You pick up a book of Necromancy and begin reading...
  3756 | D:3      | You add the spells Pain, Animate Skeleton and Vampiric
                  | Draining to your library.
  3779 | D:5      | Entered Level 5 of the Dungeon
  4059 | D:3      | Gained mutation: You are covered in thick fur. (AC +2)
                  | [Felid growth]
  4059 | D:3      | Reached XP level 6. HP: 24/24 MP: 2/10
  4066 | D:3      | Learned a level 3 spell: Summon Guardian Golem
  4126 | D:3      | You pick up a book of Air and begin reading...
  4126 | D:3      | You add the spells Shock, Swiftness and Airstrike to your
                  | library.
  4333 | D:3      | Found a faded altar of an unknown god.
  4469 | D:3      | HP: 5/24 [poisoned by a scorpion]
  4471 | D:3      | HP: 1/24 [poisoned by a scorpion]
  4472 | D:3      | Succumbed to a scorpion's poison
  4473 | D:3      | Reached XP level 5. HP: 0/21 MP: 3/9
  4807 | D:4      | Noticed an ogre
  4810 | D:4      | Noticed a necrophage
  4824 | D:4      | Killed an ogre
  4825 | D:4      | Reached skill level 8 in Summonings
  4825 | D:4      | Reached XP level 6. HP: 20/24 MP: 4/10
  5523 | D:4      | Reached skill level 2 in Hexes
  5523 | D:4      | Reached skill level 9 in Summonings
  5523 | D:4      | Reached XP level 7. HP: 22/27 MP: 8/11
  5718 | D:5      | Noticed Pikel
  5990 | D:5      | You pick up a book of Blasting and begin reading...
  5990 | D:5      | You add the spells Fulminant Prism, Iskenderun's Mystic
                  | Blast and Lee's Rapid Deconstruction to your library.
  6184 | D:4      | Reached skill level 3 in Hexes
  6992 | D:4      | Killed Pikel
  6993 | D:4      | Reached skill level 4 in Hexes
  6993 | D:4      | Reached skill level 10 in Summonings
  6993 | D:4      | Reached XP level 8. HP: 14/31 MP: 3/12
  7475 | D:5      | Reached skill level 11 in Summonings
  7564 | D:5      | Reached skill level 3 in Spellcasting
  7954 | D:5      | Upgraded the game from 0.28-a0-925-gd5e1996cdb to
                  | 0.28-a0-932-g843f935a50
  8400 | D:6      | Reached skill level 4 in Spellcasting
  8492 | D:6      | Noticed a gargoyle
  8513 | D:6      | Killed from afar by a gargoyle
  8514 | D:6      | Reached XP level 7. HP: -1/27 MP: 14/14
  8573 | D:6      | HP: 6/27 [gargoyle (21)]
  8574 | D:6      | Killed from afar by a gargoyle

Vanquished Creatures
  A hound (D:4)
  An ufetubus (D:4)
  An orc (D:5)
  An endoplasm (D:2)
  A giant cockroach (D:2)
  A goblin (D:1)
  2 hobgoblins
  A kobold (D:2)
  A quokka (D:1)
  7 ball pythons
  4 bats
  2 frilled lizards (D:1)
  A quokka skeleton (D:4)
  2 rats (D:2)
26 creatures vanquished.

Vanquished Creatures (collateral kills)
  Pikel (D:4)
  A water moccasin (D:5)
  A black bear (D:3)
  2 necrophages
  3 ogres
  A lemure (D:4)
  A phantom (D:5)
  A wyvern zombie (D:5)
  2 scorpions (D:5)
  2 wights (D:6)
  A bullfrog zombie (D:3)
  A centaur zombie (D:5)
  2 hounds
  An iguana (D:5)
  3 orc wizards
  A howler monkey skeleton (D:3)
  A howler monkey zombie (D:6)
  6 adders
  3 river rats (D:3)
  3 ufetubi
  2 adder skeletons (D:4)
  2 worms
  2 dart slugs
  11 orcs
  5 endoplasms
  3 giant cockroaches
  6 goblins
  6 hobgoblins
  6 jackals
  3 kobolds (D:1)
  3 quokkas
  9 ball pythons
  3 bats
  A rat (D:2)
99 creatures vanquished.

Vanquished Creatures (others)
  An ogre (D:4)
1 creature vanquished.

Grand Total: 126 creatures vanquished

Table legend:
 A = Non-vault XP
 B = Vault XP
 C = Vault XP percentage of total XP
 D = Non-vault monster count
 E = Vault monster count
 F = Vault count percentage of total count
                 A         B        C        D         E       F
            +---------+---------+-------+---------+---------+-------
      Total |    1823 |     986 |  35.1 |     108 |      17 |  13.6
            +---------+---------+-------+---------+---------+-------
        D:1 |      54 |       0 |   0.0 |      31 |       0 |   0.0
        D:2 |      48 |       0 |   0.0 |      14 |       0 |   0.0
        D:3 |     217 |      61 |  21.9 |      10 |       7 |  41.2
        D:4 |     426 |     925 |  68.5 |      29 |      10 |  25.6
        D:5 |     665 |       0 |   0.0 |      14 |       0 |   0.0
        D:6 |     413 |       0 |   0.0 |      10 |       0 |   0.0
            +---------+---------+-------+---------+---------+-------

Illustrated notes

Table legend:
 A = Kills in this place as a percentage of kills in entire the game.
 B = Kills by you in this place as a percentage of kills by you in the entire game.
 C = Kills by friends in this place as a percentage of kills by friends in the entire game.
 D = Other kills in this place as a percentage of other kills in the entire game.
 E = Experience gained in this place as a percentage of experience gained in the entire game.
 F = Experience gained in this place divided by the number of levels of this place that you have seen.
                   A       B       C       D       E      F
               +-------+-------+-------+-------+-------+----------------------
         Total | 100.0 | 100.0 | 100.0 | 100.0 | 100.0 | 468.2
       Dungeon | 100.0 | 100.0 | 100.0 | 100.0 | 100.0 | 468.2
               +-------+-------+-------+-------+-------+----------------------

Table legend: (Time is in decaauts)
 A = Elapsed time spent in this place.
 B = Non-inter-level travel time spent in this place.
 C = Inter-level travel time spent in this place.
 D = Time resting spent in this place.
 E = Time spent auto-exploring this place.
 F = Levels seen in this place.
 G = Mean time per level.
                   A        B        C        D        E       F      G
               +--------+--------+--------+--------+--------+-----+--------+
         Total |   7884 |   7634 |    250 |   2673 |   3346 |   6 | 1314.0 |
       Dungeon |   7884 |   7634 |    250 |   2673 |   3346 |   6 | 1314.0 |
               +--------+--------+--------+--------+--------+-----+--------+

Top non-repeatable levels by time:
     D:4: 2396 daAuts
     D:1: 1660 daAuts
     D:3: 1459 daAuts
     D:5: 962 daAuts
     D:2: 886 daAuts
     D:6: 518 daAuts
